AoeStats
← Kurmit

Arabia

507110472Analyzed
2v2 RM · 16d ago on Sep 16, 2026· 70m 2s· 4 players
Game mode
Random Map
Map size
Medium (4 player)
Population
200
Speed
Normal
Resources
Standard
Victory
Conquest
Starting age
Dark Age
Ending age
Imperial Age
RankedLock teamsTeams togetherTeam positionsShared explorationLock speedFull tech treeHidden civsTurbo modeCheats
Victory
Defeat
🇮🇳 Celts · India
1506
+13
🇸🇪 Mapuche · Sweden
1442
-16
🇸🇪 Magyars · Sweden
1433
-16
rexking512
7:22 Loom
9:24 Feudal Age
10:23 Double-Bit Axe
11:36 Horse Collar
15:53 Scale Barding Armor
19:01 Bloodlines
19:48 Scale Mail Armor
23:03 Castle Age
21:30 Gold Mining
21:28 Town Watch
24:07 Chain Barding Armor
24:43 Wheelbarrow
25:14 Gold Shaft Mining
24:12 Light Cavalry
24:53 Husbandry
26:50 Pikeman
27:31 Pikeman
29:34 Chain Mail Armor
31:27 Bow Saw
33:12 Heavy Plow
37:58 Hand Cart
41:49 Fletching
47:10 Imperial Age
44:40 Town Patrol
47:18 Cavalier
48:56 Paladin
51:32 Plate Barding Armor
50:32 Halberdier
53:05 Conscription
53:57 Hussar
56:26 Arson
59:27 Two-Man Saw
60:13 Corvinian Army
65:18 Elite Magyar Huszar
Kurmit
6:44 Loom
8:54 Feudal Age
9:07 Champi Runner
14:03 Double-Bit Axe
15:59 Horse Collar
16:26 Fletching
17:58 Scale Mail Armor
21:36 Wheelbarrow
25:02 Castle Age
23:48 Padded Archer Armor
24:01 Gold Mining
24:17 Stone Mining
25:48 Bodkin Arrow
26:50 Heavy Plow
29:10 Leather Archer Armor
34:38 Ballistics
34:57 Bow Saw
39:21 Town Watch
39:48 Forging
40:22 Gold Shaft Mining
43:03 Malon
45:51 Imperial Age
45:37 Hand Cart
46:57 Malon
46:26 Elite Skirmisher
48:14 Ring Archer Armor
50:30 Chemistry
51:22 Masonry
54:10 Pikeman
55:07 Chain Mail Armor
54:51 Halberdier
57:55 Iron Casting
60:09 Plate Mail Armor
60:40 Conscription
62:24 Blast Furnace
62:07 Champi Warrior
Mr_PrIMeZ
7:17 Loom
10:56 Feudal Age
11:33 Double-Bit Axe
11:54 Man-at-Arms
13:29 Horse Collar
13:46 Gold Mining
16:31 Fletching
22:31 Castle Age
21:43 Padded Archer Armor
22:41 Wheelbarrow
22:34 Crossbowman
23:21 Bodkin Arrow
23:31 Pikeman
25:47 Leather Archer Armor
25:36 Scale Mail Armor
27:57 Town Watch
28:43 Ballistics
29:54 Hand Cart
30:21 Bow Saw
34:15 Chain Mail Armor
35:11 Forging
42:13 Imperial Age
43:11 Iron Casting
42:20 Halberdier
43:38 Plate Mail Armor
43:12 Heavy Scorpion
43:54 Treadmill Crane
46:04 Chemistry
46:54 Arson
48:10 Blast Furnace
49:43 Siege Engineers
51:31 Conscription
53:07 Gold Shaft Mining
52:23 Stone Mining
54:25 Onager
56:04 Furor Celtica
56:43 Stronghold
57:57 Elite Woad Raider
59:49 Masonry
59:36 Capped Ram
62:40 Heavy Plow
66:12 Coinage
65:53 Guilds
65:43 Caravan
67:49 Banking
66:45 Siege Onager
70:21 Murder Holes
உயர் கல்வி கற்றவர்
5:30 Loom
9:21 Feudal Age
10:34 Double-Bit Axe
10:30 Horse Collar
17:06 Horse Collar
22:49 Castle Age
24:16 Bow Saw
24:33 Scale Barding Armor
25:04 Bloodlines
26:02 Wheelbarrow
26:52 Husbandry
28:04 Chain Barding Armor
27:57 Forging
30:54 Hand Cart
33:34 Town Watch
33:36 Light Cavalry
41:18 Iron Casting
45:18 Imperial Age
46:25 Cavalier
48:50 Plate Barding Armor
51:48 Hussar
52:04 Pikeman
53:04 Heavy Plow
56:18 Blast Furnace
56:20 Scale Mail Armor
56:35 Halberdier
58:20 Chain Mail Armor
57:56 Fletching
58:06 Padded Archer Armor
66:12 Bodkin Arrow
66:33 Leather Archer Armor
Connection lost

Rejoining the realm…

Still unreachable

The connection could not be restored.

Session expired

The server has moved on; the page needs a fresh start.